 Dungeon Crawl Stone Soup version 0.31-a0-1540-g5a0b83f448 (webtiles) character file.

Game seed: 14413071938753586238

544350 grandjackal the Slayer (level 24, -1/224 HPs)
             Began as a Demonspawn Gladiator on Jan 1, 2024.
             Was an Initiate of Gozag.
             Slain by a green draconian monk (2 damage)
             ... led by a yellow draconian annihilator
             ... on level 3 of the Realm of Zot.
             The game lasted 01:34:02 (64715 turns).

grandjackal the Slayer (Demonspawn Gladiator)      Turns: 64715, Time: 01:34:03

Health: -1/224     AC: 26    Str: 21    XL:     24   Next: 84%
Magic:  0/40       EV: 19    Int: 18    God:    Gozag
Gold:   23280      SH: 20    Dex: 24    Spells: 28/49 levels left

rFire   + + .        L - +9 broad axe (spect)
rCold   + . .        F - +0 kite shield {AC+3}
rNeg    + . .        t - +6 scale mail of Dishonesty {rPois rC+ Will+ Regen+ Stlth+}
rPois   +            M - +2 helmet {SInv}
rElec   +            y - +2 cloak {rF+}
rCorr   .            N - +2 pair of gloves of Broken Taboos {rPois}
SInv    +            (boots unavailable)
Will    ++...        T - amulet of Qengiosa {Reflect ^Contam rElec Dex+3 SH+5}
Stlth   +            e - ring of positive energy
HPRegen 8.37/turn    i - ring of Caxepoih {Wiz rF+ Int+5 Dex+3}
MPRegen 0.54/turn

%: reflection, guardian spirit, wizardry (x2)
@: lethally poisoned (-1 -> -1), silenced, corroded, gold aura, studying 4
skills
A: hooves 3, powered by death 3, magic shield, magic regeneration, magic link,
big brain 3, dopey 1, teleportitis 1, weak 1, subdued magic 1, inability to read
after injury 1
}: 3/15 runes: decaying, serpentine, abyssal
a: Renounce Religion


You were on level 3 of the Realm of Zot.
You worshipped Gozag.
Gozag was extremely pleased with you.
You visited 10 branches of the dungeon, and saw 47 of its levels.
You visited the Abyss 4 times.
You also visited: Sewer, Bailey, Ice Cave and Volcano.

You collected 27475 gold pieces.
You spent 4070 gold pieces at shops.
You paid 125 gold pieces to Gozag.

Inventory:

Hand Weapons
 L - a +9 spectral broad axe (weapon)
Missiles
 d - 7 throwing nets (quivered)
Armour
 c - a +3 chain mail of fire resistance
 t - the +6 scale mail of Dishonesty (worn) {rPois rC+ Will+ Regen+ Stlth+}
   (You found it on level 3 of the Elven Halls)

   rC+:       It protects you from cold.
   rPois:     It protects you from poison Will+: It increases your willpower.
   Regen+:    It increases your rate of health regeneration.
   Stlth+:    It makes you more stealthy.
 y - a +2 cloak of fire resistance (worn)
 A - a +3 chain mail of cold resistance
 F - a +0 kite shield of protection (worn)
 M - a +2 helmet of see invisible (worn)
 N - the +2 pair of gloves of Broken Taboos (worn) {rPois}
   (You found it on level 1 of the Swamp)

   rPois:     It protects you from poison
Jewellery
 b - a ring of willpower
 e - a ring of positive energy (left hand)
 i - the ring of Caxepoih (right hand) {Wiz rF+ Int+5 Dex+3}
   (You acquired it in a bailey)

   [ring of wizardry]

   Wiz:       It improves your spell success rate.
   Int+5:     It affects your intelligence (+5).
   Dex+3:     It affects your dexterity (+3).
   rF+:       It protects you from fire.
 q - a ring of willpower
 O - the amulet of Elemental Vulnerability {rPois rF-- rC-- AC+8}
   (You found it on level 10 of the Dungeon)

   [amulet of nothing]

   AC+8:      It affects your AC (+8).
   rF--:      It makes you very vulnerable to fire.
   rC--:      It makes you very vulnerable to cold.
   rPois:     It protects you from poison
 R - the amulet "Utrotan" {Spirit Dex+5}
   (You found it on level 3 of the Crypt)

   [amulet of guardian spirit]

   Spirit:    It causes incoming damage to be divided between your reserves of
   health and magic.
   Dex+5:     It affects your dexterity (+5).
 T - the amulet of Qengiosa (around neck) {Reflect ^Contam rElec Dex+3 SH+5}
   (You bought it in a shop on level 2 of the Orcish Mines)

   [amulet of reflection]

   Reflect:   It reflects blocked missile attacks.
   Dex+3:     It affects your dexterity (+3).
   rElec:     It insulates you from electricity.
   ^Contam:   It causes magical contamination when unequipped.
   SH+5:      It affects your SH (+5).
 U - the ring "Lougaudy" {rPois Stlth+}
   (You bought it in a shop on level 2 of the Orcish Mines)

   [ring of poison resistance]

   rPois:     It protects you from poison Stlth+: It makes you more stealthy.
 Y - the ring "Vuwk" {rF+ Int+6}
   (You took it off a deep elf zephyrmancer on level 3 of the Elven Halls)

   [ring of protection from fire]

   Int+6:     It affects your intelligence (+6).
   rF+:       It protects you from fire.
Wands
 a - a wand of flame (65)
 r - a wand of digging (18)
 H - a wand of iceblast (39)
 Q - a wand of charming (15)
Scrolls
 h - 8 scrolls of blinking
 l - 6 scrolls of vulnerability
 m - 19 scrolls of teleportation
 s - 8 scrolls of fog
 u - 6 scrolls of fear
 v - a scroll of silence
 E - 2 scrolls of brand weapon
 I - 40 scrolls of identify
 J - 6 scrolls of immolation
 P - 6 scrolls of poison
 S - 3 scrolls of enchant armour
 V - 6 scrolls of summoning
 W - 10 scrolls of revelation
 Z - 5 scrolls of torment
Potions
 f - 13 potions of curing
 g - 5 potions of resistance
 j - 14 potions of ambrosia
 k - 9 potions of heal wounds
 n - 2 potions of might
 o - 3 potions of berserk rage
 p - a potion of cancellation
 w - 9 potions of attraction
 z - a potion of invisibility
 B - 6 potions of haste
 C - 6 potions of magic
 D - 10 potions of lignification
 G - 9 potions of mutation
 K - 4 potions of brilliance
 X - 7 potions of enlightenment
Miscellaneous
 x - a lightning rod (4/4)


   Skills:
 + Level 26.3 Fighting
 - Level 18.1 Axes
 - Level 2.0 Throwing
 - Level 17.1 Armour
 + Level 12.2 Dodging
 - Level 15.3 Shields
 - Level 13.0 Spellcasting
 - Level 15.0 Hexes
 - Level 10.0 Air Magic


You had 28 spell levels left.
You knew the following spells:

 Your Spells              Type           Power      Damage    Failure   Level
a - Slow                  Hex            100%       N/A       0%          1
b - Tukima's Dance        Hex            50%        N/A       1%          3
c - Silence               Hex/Air        21%        N/A       1%          5
d - Jinxbite              Hex            100%       N/A       1%          2
e - Sigil of Binding      Hex            50%        N/A       1%          3
f - Enfeeble              Hex            25%        N/A       7%          7

Your spell library contained the following spells:

 Spells                   Type           Power      Damage    Failure   Level
 Shock                    Conj/Air       88%        1d8       1%          1
 Cigotuvi's Dreadful Rot  Necr/Alch/Air  36%        N/A       1%          2
 Ensorcelled Hibernation  Hex/Ice        58%        N/A       1%          2
 Mercury Vapours          Alch/Air       44%        N/A       1%          2
 Confusing Touch          Hex            50%        N/A       1%          3
 Dazzling Flash           Conj/Hex       58%        N/A       1%          3
 Inner Flame              Hex/Fire       29%        N/A       1%          3
 Swiftness                Air            36%        N/A       1%          3
 Airstrike                Air            18%        2d(3-19)  1%          4
 Anguish                  Hex/Necr       14%        N/A       1%          4
 Dimensional Bullseye     Hex/Tloc       14%        N/A       1%          4
 Apportation              Tloc           18%        N/A       4%          1
 Foxfire                  Conj/Fire      36%        2x1d5     4%          1
 Kiss of Death            Conj/Necr      36%        2d8       4%          1
 Magic Dart               Conj           36%        1d4       4%          1
 Necrotise                Necr           36%        1d5       4%          1
 Sting                    Conj/Alch      36%        1d5       4%          1
 Summon Small Mammal      Summ           36%        N/A       4%          1
 Metabolic Englaciation   Hex/Ice        14%        N/A       5%          5
 Summon Mana Viper        Hex/Summ       29%        N/A       5%          5
 Yara's Violent Unravell  Hex/Alch       14%        3d7       5%          5
 Blink                    Tloc           18%        N/A       6%          2
 Call Imp                 Summ           18%        N/A       6%          2
 Lesser Beckoning         Tloc           18%        N/A       6%          2
 Searing Ray              Conj           18%        2d5       6%          2
 Sublimation of Blood     Necr           9%         N/A       6%          2
 Frozen Ramparts          Ice            18%        1d3       12%         3
 Fugue of the Fallen      Necr           9%         N/A       12%         3
 Gell's Gravitas          Tloc           9%         N/A       12%         3
 Ozocubu's Armour         Ice            9%         N/A       12%         3
 Passwall                 Erth           9%         N/A       12%         3
 Summon Ice Beast         Ice/Summ       9%         N/A       12%         3
 Teleport Other           Tloc           9%         N/A       12%         3
 Vampiric Draining        Necr           9%         2d6       12%         3
 Volatile Blastmotes      Fire/Tloc      18%        2d11      12%         3
 Brom's Barrelling Bould  Conj/Erth      9%         2d3       36%         4
 Dispel Undead            Necr           9%         3d8       36%         4
 Flame Wave               Conj/Fire      9%         2d6       36%         4
 Fulminant Prism          Conj/Alch      4%         3d5       36%         4
 Iskenderun's Mystic Bla  Conj/Tloc      9%         2d4       36%         4
 Leda's Liquefaction      Alch/Erth      4%         N/A       36%         4
 Martyr's Knell           Necr/Summ      9%         N/A       36%         4
 Olgreb's Toxic Radiance  Alch           9%         N/A       36%         4
 Passage of Golubria      Tloc           9%         N/A       36%         4
 Petrify                  Alch/Erth      9%         N/A       36%         4
 Sticky Flame             Fire/Alch      9%         2d5       36%         4
 Summon Blazeheart Golem  Fire/Summ      9%         N/A       36%         4
 Conjure Ball Lightning   Conj/Air       11%        3x3d6     58%         6
 Plasma Beam              Fire/Air       11%        2x1d22    58%         6
 Curse of Agony           Necr           9%         N/A       69%         5
 Fireball                 Conj/Fire      4%         3d4       69%         5
 Irradiate                Conj/Alch      4%         3d13      69%         5
 Iskenderun's Battlesphe  Conj           9%         2d6       69%         5
 Maxwell's Capacitive Co  Air            18%        ∞         98%         8
 Death Channel            Necr           4%         N/A       99%         6
 Starburst                Conj/Fire      4%         6d4       99%         6
 Haunt                    Necr/Summ      4%         N/A       100%        7
 Monstrous Menagerie      Summ           4%         N/A       100%        7
 Orb of Destruction       Conj           4%         9d5       100%        7
 Ozocubu's Refrigeration  Ice            4%         4d8       100%        7
 Spellforged Servitor     Conj/Summ      4%         N/A       100%        7
 Summon Hydra             Summ           4%         N/A       100%        7
 Ignition                 Fire           4%         3d4       100%        8
 Infestation              Necr           4%         N/A       100%        8
 Lehudib's Crystal Spear  Conj/Erth      4%         10d3      100%        8
 Death's Door             Necr           4%         N/A       100%        9
 Polar Vortex             Ice            4%         N/A       100%        9
 Shatter                  Erth           4%         3d8*      100%        9
 Animate Dead             Necr           Unusable   N/A       N/A         4
 Sculpt Simulacrum        Ice/Alch       Unusable   N/A       N/A         6

Dungeon Overview and Level Annotations

Branches:
Dungeon (15/15)            Temple (0/1) D:5            Lair (5/5) D:9
  Swamp (4/4) Lair:3        Snake (4/4) Lair:2        Slime (0/5) Lair:5
    Orc (2/2) D:12            Elf (3/3) Orc:2        Vaults (4/5) D:14
  Crypt (3/3) Vaults:3       Tomb (0/3) Crypt:3      Depths (4/4) D:15
    Zot (3/5) Depths:4      Sewer (visited)          Bailey (visited)
  IceCv (visited)         Volcano (visited)

Altars:
Dithmenos
Fedhas
Gozag
Hepliaklqana
Kikubaaqudgha
Makhleb
Nemelex Xobeh
Qazlal
Ru
Trog
Uskayaw
Wu Jian
Yredelemnul
Jiyva
Lugonu

Shops:
D:4 :   D:9 [*   D:11 :   Orc:2 [([=   Elf:3 (   Snake:1 *   Vaults:2 *
Vaults:4 (   Depths:1 [*[!   Depths:4 :

Portals:
Hell: Depths:1 Depths:2 Depths:3 Depths:4
Abyss: Depths:3
Pandemonium: Depths:2 Depths:3
Ziggurat: Depths:2

Annotations:
D:1 1 transporter
D:3 2 transporters
Lair:3 3 runed translucent doors, ketchum's ghost, journeyman MfSh
Elf:2 3 runed translucent doors
Depths:2 2 transporters
Zot:3 2 transporters, Sobieck's ghost, veteran DECj


Innate Abilities, Weirdness & Mutations

You have hooves in place of feet.
You regenerate a lot of health from kills.
When hurt, damage is shared between your health and your magic reserves.
You regenerate magic rapidly.
When low on magic, you restore magic in place of health.
You have an absolutely massive brain. (Int +6, Wiz)
You are dopey. (Int -2)
You are occasionally teleported next to monsters.
You are weak. (Str -2)
Your spells are a little easier to cast, but a little less powerful.
You occasionally lose the ability to read scrolls when taking damage.


Message History

* * * LOW HITPOINT WARNING * * *
The green draconian misses your +9 spectral broad axe.
The black draconian hits you with a +0 broad axe!
* * * LOW HITPOINT WARNING * * *
The black draconian barely misses your +9 spectral broad axe.
The moth of wrath's fur bristles in rage as it notices you.
You hit the green draconian monk but do no damage.
You kick the green draconian monk, but do no damage.
The green draconian monk is severely wounded.
You hit the black draconian.
Your +9 spectral broad axe hits the green draconian monk!
Your +9 spectral broad axe hits the moth of wrath!
Your +9 spectral broad axe hits the black draconian!
Your +9 spectral broad axe hits the green draconian but does no damage.
Your +9 spectral broad axe hits the black draconian!
Your +9 spectral broad axe hits the green draconian!!
Your +9 spectral broad axe hits the green draconian monk!
Your +9 spectral broad axe hits the moth of wrath!
You kill the moth of wrath!
You feel very sick. The green draconian monk hits you!
* * * LOW HITPOINT WARNING * * *
The green draconian monk kicks you but does no damage.
You block the green draconian monk's attack. x2
The green draconian hits your +9 spectral broad axe with a +0 flail!!
Your spectral weapon shares its damage with you!
Your +9 spectral broad axe disappears.
* * * LOW HITPOINT WARNING * * *
The black draconian hits you with a +0 broad axe!!
* * * LOW HITPOINT WARNING * * *
Magic scrolls do not work when you're silenced!
You feel much better.
You feel very sick. The green draconian monk misses you.
You block the green draconian monk's attack. x3
The black draconian barely misses you. The green draconian monk hits you!!
* * * LOW HITPOINT WARNING * * *
The green draconian monk kicks you.
You die...
Your body crumbles into a pile of gold.

.# #.# #.#
##
##.#####.#
#.....##.##
#..##.##..#
#...<.....#
#.###.##.##
#. #.##.# #.
#.##.# #+
#+##@#
......qdd..#
.......$...#
...........#
...........+
...........#
############


You could see a green draconian monk (berserk, unsilenced), a black draconian
(berserk, unsilenced) and a green draconian (berserk, unsilenced).

Vanquished Creatures
  A dread lich (Crypt:3)
  Khufu (Crypt:1)
  2 orbs of fire
  A juggernaut (Depths:3)
  A royal mummy (Crypt:1)
  Josephina (Crypt:2)
  A shard shrike (IceCv)
  Boris (twice) (Elf:3 Vaults:3)
  Vashnia (Snake:3)
  Saint Roka (Depths:2)
  2 curse toes
  5 caustic shrikes (Depths:4)
  the Lernaean hydra (Swamp:4)
  3 golden dragons
  Nikola (Elf:3)
  2 profane servitors (Abyss:3)
  Norris (Depths:3)
  3 bone dragons
  3 electric golems
  A Tzitzimitl (Crypt:2)
  3 doom hounds (Crypt:2)
  7 tentacled monstrosities
  A Hell Sentinel (Abyss:3)
  The ghost of Cyommoer the Archmage, an adept DEHW of Vehumet (Depths:1)
  A quicksilver dragon (Zot:1)
  A walking earthen tome (Depths:1)
  Grunn (Crypt:2)
  A shard shrike skeleton (Abyss:3)
  5 liches
  3 walking frostbound tomes
  3 deep elf blademasters (Elf:3)
  A walking divine tome (Depths:1)
  2 deep elf master archers
  6 tentacled starspawn
  3 sphinxes
  5 death cobs (Zot:1)
  3 ancient champions
  A tengu reaver (Vaults:2)
  2 shadow dragons
  Roxanne (Elf:3)
  6 storm dragons
  Kirke (Swamp:2)
  4 protean progenitors
  A fenstrider witch (Swamp:1)
  Donald (Snake:2)
  10 nagarajas
  Aizul (Snake:2)
  2 revenants (Crypt:1)
  A draconian knight (Depths:4)
  5 fire giants
  A draconian monk (Zot:2)
  4 deep elf sorcerers
  A balrug (Depths:3)
  A ghost moth (Zot:2)
  9 vault wardens
  2 draconian shifters
  2 draconian scorchers (Zot:2)
  2 frost giants (Depths:2)
  Louise (Snake:3)
  2 curse skulls
  9 deep elf elementalists
  A reaper (Crypt:2)
  An orc warlord (Orc:2)
  2 draconian annihilators
  A caustic shrike zombie (Crypt:1)
  7 ironbound preservers
  2 draconian stormcallers (Zot:2)
  3 spriggan defenders
  2 formless jellyfish
  18 ghouls
  A cacodemon (Abyss:3)
  11 very ugly things
  13 stone giants
  4 vampire knights
  8 ironbound thunderhulks
  A juggernaut skeleton (Crypt:3)
  10 deep elf death magi
  7 deep elf annihilators
  4 eleionomae
  5 black draconians
  2 white draconians
  6 green draconians
  3 war gargoyles (Crypt:3)
  A starcursed mass (Abyss:3)
  2 lorocyprocas
  7 yellow draconians
  9 dire elephants
  12 deep elf demonologists
  6 purple draconians
  4 spark wasps (Depths:4)
  6 bunyips
  4 red draconians
  8 ettins
  6 jiangshi
  7 fire dragons
  A shambling mangrove (Swamp:2)
  3 eidola
  3 deep elf high priests (Elf:3)
  8 vault guards
  12 yaktaur captains
  A fenstrider witch zombie (Crypt:1)
  A spriggan zombie (Crypt:1)
  3 entropy weavers
  3 great orbs of eyes
  5 ice dragons
  4 rakshasas
  8 centaur warriors
  2 salamander tyrants (Snake:4)
  4 ghost crabs
  20 hydras
  2 spriggan air magi
  A hell beast (Depths:3)
  A fenstrider witch skeleton (Crypt:3)
  An ogre mage (D:12)
  A catoblepas (Lair:5)
  2 death knights
  13 ironbound frosthearts
  6 anacondas
  8 alligators
  22 dancing weapons
  2 boulder beetles
  17 naga warriors
  A spriggan skeleton (Crypt:3)
  4 death yaks (Lair:5)
  7 two-headed ogres
  A demonic crawler (Abyss:3)
  8 vampire magi
  3 tengu warriors
  4 deep troll shamans
  Urug (D:11)
  A deep troll earth mage (Depths:2)
  6 thrashing horrors (Abyss:3)
  An orc high priest (Orc:2)
  15 naga sharpshooters
  6 spriggan berserkers
  9 shock serpents
  2 sun demons
  14 deep elf knights
  2 occultists
  7 wretched stars (Abyss:3)
  2 soul eaters
  14 hell knights
  4 salamander mystics
  3 sixfirhies
  4 iron trolls
  17 skeletal warriors
  4 goliath frogs
  4 shadow wraiths
  8 bog bodies
  3 skysharks (Depths:3)
  2 shadow demons (Depths:3)
  3 sea snakes (Snake:4)
  An orb spider (shapeshifter) (Depths:4)
  23 deep trolls
  An anaconda zombie (Crypt:1)
  5 glowing orange brains
  A spriggan druid (Swamp:2)
  24 deep elf archers
  6 flayed ghosts
  17 ironbound convokers
  12 phantasmal warriors
  An orange crystal statue (IceCv)
  5 naga ritualists
  A shadow dragon zombie (Depths:2)
  8 arcanists
  A spriggan simulacrum (Crypt:1)
  9 orc knights
  12 lindwurms
  An alligator zombie (Crypt:1)
  An anaconda skeleton (Crypt:1)
  11 swamp dragons
  35 deep elf pyromancers
  8 mana vipers
  5 harpies (Vaults:4)
  8 necromancers
  A tengu skeleton (Vaults:3)
  33 ugly things
  35 deep elf zephyrmancers
  A jorogumo zombie (Crypt:1)
  9 orc sorcerers
  A manticore (shapeshifter) (Elf:2)
  3 will-o-the-wisps
  12 salamanders
  2 fire giant zombies (Depths:2)
  2 worldbinders (Abyss:3)
  23 elephants
  32 black mambas
  13 large abominations
  6 cyclopes
  A meliai (shapeshifter) (Elf:2)
  18 moths of wrath
  2 kobold blastminers
  A centaur zombie (Crypt:1)
  A frost giant skeleton (Vaults:3)
  4 guardian serpents
  2 stone giant skeletons
  14 meliai
  4 smoke demons (Crypt:3)
  16 vault sentinels
  3 eyes of devastation (Zot:2)
  14 cane toads
  A torpor snail (Lair:4)
  An orange demon (Abyss:3)
  4 gargoyles (Crypt:3)
  A dire elephant skeleton (Crypt:3)
  21 naga magi
  An unseen horror (D:12)
  Jeremiah (D:9)
  21 rime drakes
  An anaconda simulacrum (Crypt:2)
  A human zombie (Vaults:3)
  A hellion (Depths:2)
  2 yaktaur skeletons (Vaults:3)
  5 kobold demonologists
  3 freezing wraiths
  26 yaktaurs
  5 tengu conjurers
  A tormentor (Crypt:2)
  Maggie (D:8)
  An efreet (D:15)
  10 komodo dragons
  4 ancient zymes (Abyss:3)
  6 red devils (Crypt:3)
  An elf skeleton (Vaults:3)
  3 harpy zombies (Crypt:1)
  A bloated husk (Swamp:4)
  2 guardian mummies (Crypt:3)
  A catoblepas skeleton (Crypt:2)
  16 polar bears
  3 queen bees
  5 tyrant leeches
  A tengu simulacrum (Vaults:3)
  5 trolls
  22 hornets
  Grinder (D:3)
  Prince Ribbit (Bailey)
  A tarantella (Vaults:3)
  5 saltlings (Orc:2)
  A glass eye (Depths:2)
  A snapping turtle (shapeshifter) (Vaults:2)
  6 dream sheep (Lair:5)
  4 raiju
  13 blink frogs
  2 water elementals
  A vampire (Abyss:2)
  19 spriggans
  An air elemental (Elf:2)
  3 naga simulacra
  5 shadows (Crypt:3)
  4 wyverns
  29 slime creatures
  12 wraiths
  2 ettin skeletons (Vaults:3)
  3 ynoxinuls
  5 hogs (Swamp:2)
  A centaur simulacrum (D:15)
  8 basilisks
  2 fire elementals
  3 golden eyes (Abyss:3)
  3 steam dragons
  9 humans
  3 wargs (Orc:2)
  An alligator snapping turtle simulacrum (Crypt:2)
  A redback (shapeshifter) (Depths:3)
  A neqoxec (Abyss:2)
  51 yaks
  15 vampire mosquitoes
  3 chaos spawn (Abyss:3)
  5 redbacks
  20 swamp worms
  A harpy simulacrum (Abyss:3)
  A hydra simulacrum (Crypt:2)
  12 water moccasins
  46 nagas
  A glowing shapeshifter skeleton (Crypt:1)
  3 acid dragons
  22 orc warriors
  3 human skeletons (Vaults:3)
  12 swamp drakes
  An ice beast (D:7)
  3 sky beasts
  3 black bears
  A demonspawn skeleton (Crypt:3)
  7 small abominations
  19 wolves
  3 laughing skulls (Crypt:1)
  A boggart (Vaults:2)
  11 centaurs
  7 ogres
  6 kobold brigands
  2 phantoms
  A swamp dragon skeleton (Crypt:3)
  3 earth elementals
  17 bullfrogs
  2 brain worms (Sewer)
  2 rime drake skeletons
  2 scorpions
  7 necrophages
  4 gnoll sergeants
  5 wights
  38 killer bees
  A yak zombie (Crypt:2)
  A raiju skeleton (Crypt:1)
  A shapeshifter skeleton (Crypt:2)
  6 electric eels
  A howler monkey (D:3)
  2 bombardier beetles (D:3)
  2 crimson imps (Abyss:3)
  2 human simulacra (Vaults:3)
  6 hounds
  4 jellies
  2 quasits
  18 orc priests
  3 centaur skeletons
  2 gnoll boudas
  An iron imp (Abyss:2)
  2 iguanas
  29 orc wizards
  Natasha (thrice) (D:2)
  A killer bee zombie (Crypt:1)
  10 mummies
  51 gnolls
  13 adders
  6 river rats (Sewer)
  A shadow imp (D:6)
  7 white imps
  An ufetubus (Abyss:3)
  An iguana zombie (Crypt:2)
  A jelly zombie (Crypt:2)
  3 dart slugs
  89 orcs
  10 endoplasms
  3 giant cockroaches
  17 goblins
  11 hobgoblins
  21 jackals
  10 kobolds
  5 quokkas
  5 ball pythons
  A ball python skeleton (Crypt:1)
  2 bats
  11 frilled lizards
  A goblin zombie (Crypt:2)
  An orc skeleton (Crypt:2)
  11 rats
  A river rat skeleton (Crypt:1)
  3 aspiring fleshes
  6 starspawn tentacles
2156 creatures vanquished.

Vanquished Creatures (others)
  A bunyip (Swamp:1)
  A deep elf pyromancer (Elf:1)
  A naga mage (Snake:4)
  5 bloated husks
  A spriggan (Depths:1)
  A neqoxec (Abyss:3)
  A human (D:14)
  A vampire mosquito (Swamp:1)
  A swamp worm (Swamp:4)
  An orc warrior (Orc:2)
  A swamp drake (Swamp:2)
  An orc (Orc:2)
  10 foxfires
  78 spectral weapons
  5 starspawn tentacles
109 creatures vanquished.

Grand Total: 2265 creatures vanquished

Notes
Turn   | Place    | Note
-------+----------+-------------------------------------------
     0 | D:1      | grandjackal the Demonspawn Gladiator began the quest for
                  | the Orb.
     0 | D:1      | Reached XP level 1. HP: 16/16 MP: 1/1
   218 | D:1      | Gained mutation: You have large cloven feet. [demonic
                  | ancestry]
   218 | D:1      | Reached XP level 2. HP: 22/22 MP: 2/2
   294 | D:1      | You fall into a shaft and drop 1 floor!
   483 | D:2      | Reached XP level 3. HP: 28/28 MP: 3/3
   516 | D:2      | Noticed Natasha
   523 | D:2      | Killed Natasha
   524 | D:2      | Reached skill level 3 in Fighting
   931 | D:1      | Reached XP level 4. HP: 35/35 MP: 4/4
  1251 | D:2      | Noticed Natasha
  1261 | D:2      | Killed Natasha
  1417 | D:2      | Noticed Natasha
  1427 | D:2      | Killed Natasha
  1718 | D:3      | Reached XP level 5. HP: 42/42 MP: 5/5
  1800 | D:3      | Reached skill level 4 in Fighting
  1958 | D:3      | Found a transporter.
  2058 | D:3      | Noticed Grinder
  2070 | D:3      | Killed Grinder
  2071 | D:3      | Reached skill level 5 in Fighting
  2071 | D:3      | Reached skill level 5 in Axes
  2071 | D:3      | Reached XP level 6. HP: 27/51 MP: 6/6
  2130 | D:3      | Found a transporter.
  2214 | D:3      | Found a glowing drain.
  2236 | Sewer    | Entered a sewer
  2423 | Sewer    | Gained mutation: You have an unusually large brain. (Int
                  | +2) [demonic ancestry]
  2423 | Sewer    | Reached XP level 7. HP: 47/56 MP: 7/7
  2710 | Sewer    | Reached skill level 6 in Fighting
  3630 | D:3      | Gained mutation: You have hoof-like feet. [demonic
                  | ancestry]
  3630 | D:3      | Reached XP level 8. HP: 4/65 MP: 8/8
  3756 | D:3      | Reached skill level 1 in Shields
  4264 | D:3      | Reached skill level 7 in Fighting
  5043 | D:4      | Found Muchodgh's Tiny Tomes.
  5188 | D:4      | Found a hazy altar of Hepliaklqana.
  5418 | D:4      | Found a shadowy altar of Dithmenos.
  5424 | D:4      | Found an opulent altar of Gozag.
  5425 | D:4      | Found a burning altar of Makhleb.
  5427 | D:4      | Found a bloodstained altar of Trog.
  5428 | D:4      | Found a sacrificial altar of Ru.
  5430 | D:4      | Found a blossoming altar of Fedhas.
  5432 | D:4      | Found a basalt altar of Yredelemnul.
  5499 | D:4      | Became a worshipper of Gozag Ym Sagoz the Greedy
  5740 | D:5      | Entered Level 5 of the Dungeon
  5854 | D:5      | Found a staircase to the Ecumenical Temple.
  6229 | D:5      | Reached XP level 9. HP: 30/74 MP: 9/9
  6232 | D:5      | Reached skill level 8 in Fighting
  7970 | D:7      | Reached skill level 5 in Shields
  8165 | D:7      | Found a flagged portal.
  8178 | Bailey   | Entered a bailey
  8220 | Bailey   | Reached skill level 9 in Fighting
  8420 | Bailey   | Reached XP level 10. HP: 28/83 MP: 10/10
  8728 | Bailey   | Noticed Prince Ribbit
  8728 | Bailey   | Noticed a vault guard
  8736 | Bailey   | Killed Prince Ribbit
  8748 | Bailey   | Killed a vault guard
  8867 | Bailey   | Noticed a vault guard
  8894 | Bailey   | Killed a vault guard
  8895 | Bailey   | Reached skill level 10 in Fighting
  9037 | Bailey   | Identified a scroll of acquirement
  9037 | Bailey   | Acquired the ring of Caxepoih {Wiz rF+ Int+5 Dex+3}
  9897 | D:8      | Learned a level 1 spell: Slow
  9919 | D:8      | Noticed Maggie
  9932 | D:8      | Killed Maggie
  9933 | D:8      | Reached skill level 1 in Hexes
 10173 | D:8      | Found a hide-covered altar of Uskayaw.
 10349 | D:8      | Reached skill level 10 in Axes
 10425 | D:8      | Gained mutation: You regenerate magic rapidly. [demonic
                  | ancestry]
 10425 | D:8      | Reached XP level 11. HP: 71/92 MP: 11/11
 11240 | D:9      | Reached skill level 11 in Fighting
 11518 | D:9      | Found a stormy altar of Qazlal.
 11562 | D:9      | Found a staircase to the Lair.
 11755 | D:9      | Noticed Jeremiah
 11778 | D:9      | Killed Jeremiah
 11837 | D:9      | Found Heplyxoh's Antique Armour Shop.
 11838 | D:9      | Noticed a two-headed ogre
 11843 | D:9      | Killed a two-headed ogre
 11862 | D:9      | Bought a pair of runed gloves for 202 gold pieces
 11911 | D:9      | Found Dagga's General Store.
 11915 | D:9      | Bought a scroll of teleportation for 51 gold pieces
 11915 | D:9      | Bought a potion of berserk rage for 85 gold pieces
 12008 | D:10     | Entered Level 10 of the Dungeon
 12008 | D:10     | Noticed a death knight
 12073 | D:10     | Reached skill level 5 in Hexes
 12077 | D:10     | Killed a death knight
 12184 | D:10     | Found the amulet of Elemental Vulnerability {rPois rF--
                  | rC-- AC+8}
 12957 | D:11     | Found Nirchun's Book Shoppe.
 12967 | D:11     | Identified the +7 trident of the Three Visions {protect,
                  | rPois Str+2}
 13101 | D:11     | Reached skill level 12 in Fighting
 13445 | D:11     | Noticed Urug
 13450 | D:11     | Killed Urug
 13451 | D:11     | Reached XP level 12. HP: 84/102 MP: 12/12
 13739 | D:12     | Learned a level 3 spell: Tukima's Dance
 13745 | D:12     | Learned a level 5 spell: Silence
 13764 | D:12     | Found a staircase to the Orcish Mines.
 13825 | D:12     | Noticed a four-headed hydra
 13847 | D:12     | Killed a 19-headed hydra
 14322 | D:12     | Noticed a two-headed ogre
 14324 | D:12     | Noticed an ogre mage
 14325 | D:12     | Noticed a two-headed ogre
 14327 | D:12     | Killed a two-headed ogre
 14327 | D:12     | Noticed a two-headed ogre
 14333 | D:12     | Killed a two-headed ogre
 14335 | D:12     | Killed a two-headed ogre
 14340 | D:12     | Killed an ogre mage
 14855 | Orc:1    | Entered Level 1 of the Orcish Mines
 15050 | Orc:1    | Reached skill level 13 in Fighting
 15071 | Orc:1    | Found a bloodstained altar of Trog.
 15207 | Orc:2    | Entered Level 2 of the Orcish Mines
 15264 | Orc:2    | Found a staircase to the Elven Halls.
 16235 | Orc:2    | Gained mutation: You have hooves in place of feet. [demonic
                  | ancestry]
 16235 | Orc:2    | Reached XP level 13. HP: 94/111 MP: 13/13
 16816 | Orc:2    | Found Zatigus's Jewellery Shoppe.
 16822 | Orc:2    | Bought the amulet of Qengiosa {Reflect ^Contam rElec Dex+3
                  | SH+5} for 491 gold pieces
 16822 | Orc:2    | Bought the ring "Lougaudy" {rPois Stlth+} for 327 gold
                  | pieces
 16909 | Orc:2    | Found Kiqucrec's Weapon Boutique.
 16909 | Orc:2    | Noticed an orc warlord
 16926 | Orc:2    | Killed an orc warlord
 17223 | Orc:2    | Reached skill level 14 in Fighting
 17255 | Orc:2    | Found Affaffur's Antique Armour Boutique.
 17278 | Orc:2    | Found Yfiwn's Antique Armour Shop.
 17360 | Orc:2    | Bought a shiny buckler for 270 gold pieces
 17530 | Lair:1   | Entered Level 1 of the Lair of Beasts
 17661 | Lair:1   | Reached skill level 10 in Hexes
 17693 | Lair:1   | Found a dark tunnel.
 17702 | Volcano  | Entered a volcano
 17733 | Volcano  | Found a bloodstained altar of Trog.
 19023 | Lair:2   | Reached XP level 14. HP: 121/121 MP: 14/14
 19322 | Lair:2   | Found a staircase to the Snake Pit.
 19336 | Lair:2   | Reached skill level 15 in Fighting
 20046 | Lair:3   | Identified the +0 plate armour of Guhetag {rN++ Int+4
                  | Slay-6}
 20131 | Lair:3   | HP: 2/123 [seven-headed hydra (6)]
 20474 | Lair:3   | Found a runed translucent gate.
 20475 | Lair:3   | Found a runed translucent gate.
 20475 | Lair:3   | Noticed ketchum's ghost (journeyman MfSh)
 20476 | Lair:3   | Found a runed translucent gate.
 20743 | Lair:3   | Found a staircase to the Swamp.
 21959 | Lair:5   | Entered Level 5 of the Lair of Beasts
 22078 | Lair:5   | Found a viscous altar of Jiyva.
 22079 | Lair:5   | Found a staircase to the Slime Pits.
 22183 | Lair:5   | Identified the +6 quarterstaff "Padagist" {speed, rElec
                  | rPois}
 22296 | Lair:5   | Reached skill level 1 in Air Magic
 22659 | Lair:5   | Reached skill level 16 in Fighting
 23928 | D:13     | Gained mutation: When hurt, damage is shared between your
                  | health and your magic reserves. [demonic ancestry]
 23928 | D:13     | Reached XP level 15. HP: 108/131 MP: 15/15
 24036 | D:13     | Learned a level 2 spell: Jinxbite
 24040 | D:13     | Learned a level 3 spell: Sigil of Binding
 24314 | D:13     | Reached skill level 15 in Axes
 25108 | D:14     | Found an ancient bone altar of Kikubaaqudgha.
 25453 | D:14     | Reached skill level 5 in Air Magic
 25541 | D:14     | Found a gate to the Vaults.
 26126 | D:15     | Entered Level 15 of the Dungeon
 26628 | D:15     | Found a frozen archway.
 26639 | IceCv    | Entered an ice cave
 27060 | IceCv    | Reached skill level 17 in Fighting
 27420 | IceCv    | Noticed a shard shrike
 27428 | IceCv    | Killed a shard shrike
 28115 | D:15     | Found a staircase to the Depths.
 28148 | D:15     | Gained mutation: You have an extremely huge brain. (Int +4)
                  | [demonic ancestry]
 28148 | D:15     | Reached XP level 16. HP: 73/141 MP: 9/16
 28545 | D:15     | Found a corrupted altar of Lugonu.
 29226 | Snake:1  | Entered Level 1 of the Snake Pit
 29311 | Snake:1  | Found Otyst's CLEARANCE SALE!.
 29324 | Snake:1  | Bought a wand of mindburst (6) for 33 gold pieces
 30878 | Snake:2  | Identified the +5 leather armour of the Unseen Realm {rF+
                  | rC+ rN+}
 31516 | Snake:2  | Reached skill level 18 in Fighting
 32151 | Snake:3  | Noticed Vashnia
 32215 | Snake:3  | Noticed Louise
 32216 | Snake:3  | Identified the serpent talisman "Cesygg" {Dex+4}
 32216 | Snake:3  | Noticed Aizul
 32220 | Snake:3  | Noticed Donald
 32222 | Abyss:2  | Cast into level 2 of the Abyss (Louise)
 32263 | Snake:3  | Escaped the Abyss
 32268 | Snake:3  | Killed Louise
 32281 | Snake:2  | Killed Aizul
 32457 | Snake:2  | Killed Donald
 33557 | Snake:3  | Killed Vashnia
 34016 | Snake:3  | Identified the +3 scale mail of Vipoott {Str+3}
 34632 | Snake:4  | Entered Level 4 of the Snake Pit
 34725 | Snake:4  | Gained mutation: You regenerate a little health from kills.
                  | [demonic ancestry]
 34725 | Snake:4  | Reached XP level 17. HP: 151/151 MP: 17/17
 35006 | Snake:4  | Reached skill level 10 in Air Magic
 35455 | Snake:4  | Reached skill level 1 in Spellcasting
 36130 | Snake:4  | Reached skill level 19 in Fighting
 37878 | Snake:4  | Got a serpentine rune of Zot
 38040 | Swamp:1  | Entered Level 1 of the Swamp
 38343 | Swamp:1  | Reached skill level 5 in Spellcasting
 38520 | Swamp:1  | Identified the +2 pair of gloves of Broken Taboos {rPois}
 39042 | Swamp:2  | Noticed Kirke
 39044 | Swamp:2  | Noticed a sphinx
 39067 | Swamp:2  | Killed Kirke
 39541 | Swamp:2  | Reached XP level 18. HP: 117/162 MP: 21/26
 40891 | Swamp:3  | Reached skill level 20 in Fighting
 41190 | Swamp:4  | Entered Level 4 of the Swamp
 41604 | Swamp:4  | Reached skill level 1 in Armour
 41813 | Swamp:4  | Noticed the 27-headed Lernaean hydra
 42249 | Swamp:4  | Killed the 27-headed Lernaean hydra
 42558 | Swamp:4  | Got a decaying rune of Zot
 43045 | Elf:1    | Entered Level 1 of the Elven Halls
 43719 | Elf:1    | Reached skill level 5 in Armour
 43929 | Elf:1    | Gained mutation: You regenerate health from kills. [demonic
                  | ancestry]
 43929 | Elf:1    | Reached XP level 19. HP: 128/169 MP: 19/29
 44420 | Elf:2    | Reached skill level 10 in Shields
 44541 | Elf:2    | Reached skill level 21 in Fighting
 45204 | Elf:2    | Found a runed translucent gate.
 45205 | Elf:2    | Found a runed translucent gate.
 45205 | Elf:2    | Found a runed translucent gate.
 45493 | Elf:3    | Entered Level 3 of the Elven Halls
 45521 | Elf:3    | Found Aveon's Antique Weapon Shop.
 45528 | Elf:3    | Noticed Nikola
 45548 | Elf:3    | Killed Nikola
 45613 | Elf:3    | Noticed Roxanne
 45632 | Elf:3    | Noticed Boris
 45642 | Elf:3    | Killed Boris
 45769 | Elf:3    | Killed Roxanne
 46421 | Abyss:2  | Cast into level 2 of the Abyss (a deep elf demonologist)
 46581 | Abyss:2  | Reached XP level 20. HP: 170/170 MP: 30/30
 46640 | Abyss:2  | Found a corrupted altar of Lugonu.
 46668 | Abyss:3  | Found a corrupted altar of Lugonu.
 46732 | Elf:3    | Escaped the Abyss
 46809 | Elf:3    | Identified the ring of Byit {rElec rF++ rC- EV+5 Int+2}
 46839 | Elf:3    | Identified the ring "Vuwk" {rF+ Int+6}
 46898 | Elf:3    | Reached skill level 22 in Fighting
 46918 | Elf:3    | Got The Lost Secrets of Wizardry
 46967 | Elf:3    | Identified the +6 scale mail of Dishonesty {rPois rC+ Will+
                  | Regen+ Stlth+}
 47224 | Elf:3    | Identified the +5 trident of Cocytus {pain, rPois}
 47543 | Vaults:1 | Entered Level 1 of the Vaults
 49028 | Vaults:2 | Found Ynue's Assorted Antiques.
 49031 | Vaults:2 | Bought a scroll of teleportation for 120 gold pieces
 49031 | Vaults:2 | Bought a potion of mutation for 320 gold pieces
 49031 | Vaults:2 | Bought a potion of curing for 120 gold pieces
 49057 | Vaults:2 | Reached skill level 10 in Armour
 50880 | Vaults:3 | Noticed Boris
 50901 | Vaults:3 | Killed Boris
 50902 | Vaults:3 | Gained mutation: When low on magic, you restore magic in
                  | place of health. [demonic ancestry]
 50902 | Vaults:3 | Reached XP level 21. HP: 120/191 MP: 19/31
 51179 | Vaults:3 | Found a staircase to the Crypt.
 51335 | Vaults:3 | Identified the +10 great sword "Killer Klown's Regret"
                  | {freeze, rC+ Dex+2}
 51477 | Vaults:3 | Reached skill level 23 in Fighting
 52447 | Vaults:4 | Found Jecvyl's Antique Weapon Shoppe.
 52776 | Crypt:1  | Entered Level 1 of the Crypt
 53039 | Crypt:1  | Noticed Khufu
 53043 | Crypt:1  | Noticed a royal mummy
 53052 | Crypt:1  | Killed Khufu
 53056 | Crypt:1  | Killed a royal mummy
 53983 | Crypt:2  | Identified the ring of Intercession {Ice rPois Stlth+}
 53983 | Crypt:2  | Noticed Josephina
 53996 | Crypt:2  | Killed Josephina
 53997 | Crypt:2  | Reached skill level 15 in Shields
 54291 | Crypt:2  | Gained mutation: You have an absolutely massive brain. (Int
                  | +6, Wiz) [demonic ancestry]
 54291 | Crypt:2  | Reached XP level 22. HP: 199/199 MP: 35/35
 54353 | Crypt:2  | Reached skill level 10 in Spellcasting
 54412 | Crypt:2  | Noticed Grunn
 54425 | Crypt:2  | Killed Grunn
 54513 | Crypt:2  | Learned a level 7 spell: Enfeeble
 54615 | Crypt:2  | Reached skill level 24 in Fighting
 54761 | Crypt:3  | Entered Level 3 of the Crypt
 55127 | Crypt:3  | Found the +8 frozen axe "Frostbite" {freeze, freezing
                  | cloud, *Noise Fly rC+}
 55243 | Crypt:3  | Found a staircase to the Tomb.
 55437 | Crypt:3  | Identified the amulet "Utrotan" {Spirit Dex+5}
 55439 | Crypt:3  | Identified the +4 orcbow of War {drain, rF+ Str+4}
 55915 | Crypt:3  | Found an ancient bone altar of Kikubaaqudgha.
 55984 | Crypt:3  | Noticed a dread lich
 55996 | Crypt:3  | Killed a dread lich
 56035 | Crypt:3  | Got Zonguldrok's Cyclopedia of Lamentation
 56891 | Depths:1 | Entered Level 1 of the Depths
 56906 | Depths:1 | Found a runed translucent gate.
 56906 | Depths:1 | Found a runed translucent gate.
 56908 | Depths:1 | Noticed Cyommoer's ghost (adept DEHW)
 56909 | Depths:1 | Found a runed translucent gate.
 56940 | Depths:1 | Found Tenyju's Armour Boutique.
 56940 | Depths:1 | Found Bistrein's General Store.
 56944 | Depths:1 | Found Dantahiq's Antique Armour Boutique.
 56945 | Depths:1 | Found Ewemuid's Distillery.
 57072 | Depths:1 | Bought a potion of mutation for 144 gold pieces
 57072 | Depths:1 | Bought a potion of magic for 144 gold pieces
 57072 | Depths:1 | Bought a potion of might for 72 gold pieces
 57076 | Depths:1 | Bought an encrusted scale mail for 360 gold pieces
 57076 | Depths:1 | Identified the +3 scale mail of Beogh's Reproof {rF+ Dex+2}
                  | (You bought it in a shop on level 1 of the Depths)
 57086 | Depths:1 | Bought a potion of curing for 51 gold pieces
 57150 | Depths:1 | Found a gateway to Hell.
 57689 | Depths:1 | Killed Cyommoer's ghost
 58046 | Depths:2 | Noticed Saint Roka
 58058 | Depths:2 | Killed Saint Roka
 58258 | Depths:2 | Reached XP level 23. HP: 211/211 MP: 39/39
 58400 | Depths:2 | Found a transporter.
 58402 | Depths:2 | Found a transporter.
 58403 | Depths:2 | Found a corrupted altar of Lugonu.
 58711 | Depths:2 | Found a one-way gate leading to the halls of Pandemonium.
 58955 | Depths:2 | Found a one-way gateway to a ziggurat.
 59135 | Depths:3 | Found a sparkling altar of Nemelex Xobeh.
 59292 | Depths:3 | Noticed a juggernaut
 59303 | Depths:3 | Killed a juggernaut
 59764 | Depths:3 | Noticed Norris
 59777 | Depths:3 | Killed Norris
 59778 | Depths:3 | Reached skill level 25 in Fighting
 59819 | Depths:3 | Found a corrupted altar of Lugonu.
 59820 | Depths:3 | Found a one-way gate to the infinite horrors of the Abyss.
 59931 | Depths:3 | Found an ornate altar of the Wu Jian Council.
 60181 | Depths:4 | Entered Level 4 of the Depths
 60246 | Depths:4 | Found Xeon's Book Boutique.
 60249 | Depths:4 | Noticed a caustic shrike
 60249 | Depths:4 | Noticed a caustic shrike
 60251 | Depths:4 | Noticed a caustic shrike
 60253 | Depths:4 | Noticed a caustic shrike
 60254 | Depths:4 | Noticed a caustic shrike
 60259 | Depths:4 | Killed a caustic shrike
 60259 | Depths:4 | Killed a caustic shrike
 60262 | Depths:4 | Killed a caustic shrike
 60264 | Depths:4 | Killed a caustic shrike
 60268 | Depths:4 | Killed a caustic shrike
 60344 | Depths:4 | Bought a manual of Dodging for 1280 gold pieces
 60411 | Depths:4 | Found a sparkling altar of Nemelex Xobeh.
 60634 | Depths:4 | Found a gate to the Realm of Zot.
 60910 | Depths:4 | Reached skill level 5 in Dodging
 60922 | Depths:4 | Reached skill level 15 in Hexes
 61220 | Depths:3 | Voluntarily entered the Abyss.
 61389 | Abyss:3  | Gained mutation: You regenerate a lot of health from kills.
                  | [demonic ancestry]
 61389 | Abyss:3  | Reached XP level 24. HP: 176/176 MP: 40/40
 61602 | Abyss:3  | Reached skill level 15 in Armour
 61624 | Abyss:3  | HP: 7/221 [Ice Fiend/bolt of cold[a deep elf demonologist]
                  | (21)]
 61643 | Depths:3 | Escaped the Abyss
 61837 | Depths:3 | Voluntarily entered the Abyss.
 61872 | Abyss:3  | Found a corrupted altar of Lugonu.
 62023 | Abyss:3  | Got an abyssal rune of Zot
 62046 | Depths:3 | Escaped the Abyss
 62157 | Zot:1    | Entered Level 1 of the Realm of Zot
 62210 | Zot:1    | Noticed an orb of fire
 62221 | Zot:1    | Killed an orb of fire
 62728 | Zot:1    | Reached skill level 10 in Dodging
 62753 | Zot:1    | Reached skill level 26 in Fighting
 63943 | Zot:2    | Noticed an orb of fire
 63960 | Zot:2    | Gained mutation: You are occasionally teleported next to
                  | monsters. [an orb of fire]
 64204 | Zot:2    | Gained mutation: You are dopey. (Int -2) [an orb of fire]
 64206 | Zot:2    | Gained mutation: Your spells are a little easier to cast,
                  | but a little less powerful. [an orb of fire]
 64208 | Zot:2    | Gained mutation: You are weak. (Str -2) [an orb of fire]
 64208 | Zot:2    | Gained mutation: You occasionally lose the ability to read
                  | scrolls when taking damage. [an orb of fire]
 64210 | Zot:2    | Killed an orb of fire
 64638 | Zot:3    | Found a transporter.
 64640 | Zot:3    | Noticed Sobieck's ghost (veteran DECj)
 64641 | Zot:3    | Found a transporter.
 64714 | Zot:3    | HP: 5/224 [black draconian/+0 broad axe[a yellow draconian
                  | annihilator] (19)]
 64715 | Zot:3    | HP: 1/224 [green draconian monk[a yellow draconian
                  | annihilator] (16)]
 64715 | Zot:3    | Slain by a green draconian monk

Illustrated notes

Levels and vault maps discovered:
D:1:      spicycebolla_arrival_risky_transporter, layout_loops_ring,
          serial_bayou, serial_bayou_lagoon_a, serial_bayou_ford_a,
          serial_bayou_shore_b, serial_bayou_lake_a
D:2:      layout_loops_cross, uniq_natasha
D:3:      lemuel_castle_with_subvaults [lemuel_castle_interior_carwin_2],
          layout_loops_cross, mainiacjoe_sewer_entry_somewhere_in_here_1,
          gammafunk_ghost_gnarly_gnolls, minmay_quadrilaterals, uniq_grinder
D:4:      layout_gridville, nicolae_overflow_hallway_of_the_gods,
          nicolae_shop_i_like_small_books_too
D:5:      layout_basic, minmay_temple_entry_antechambers, nrook_pool_corridor,
          kennysheep_boxes
D:6:      layout_rooms
D:7:      kennysheep_housing_project, layout_cave_pods, enter_bailey_7,
          kennysheep_generic_room_14
D:8:      layout_basic, mainiacjoe_overflow_small_starburst,
          nicolae_have_a_lightning_rod, uniq_maggie
D:9:      layout_roguey [special_room_bee], nicolae_qazlal_style_of_elements,
          lair_entry_dummy, serial_shops, shop, shop, uniq_jeremiah
D:10:     layout_grid_maze
D:11:     layout_irregular_city, serial_shops, shop, uniq_urug
D:12:     layout_small_grid, minmay_orc_entry_temple_small
D:13:     layout_stronghold
D:14:     layout_irregular_city, ximxim_vaults_locker_room, lemuel_round_altar,
          nicolae_straight_to_the_point
D:15:     hangedman_depths_entry_civil_slaughter, layout_layer_cave,
          grunt_decor_junction, portal_ice_cave_entry_pillars_1,
          marbit_kobold_abyssish
Lair:1:   layout_gridlike, enter_volcano_2, infiniplex_staircase_pool
Lair:2:   layout_regular_city, guppyfry_snake_entry_island,
          grunt_forest_stairs_basic, columned_hall_lemuel, grunt_megastairs_2
Lair:3:   layout_hall_layers, swamp_mist, gammafunk_ghost_split,
          serial_bayou_pond_b
Lair:4:   layout_roguey, pond
Lair:5:   grunt_lair_end_beastmaster, layout_cave_pods,
          nicolae_slime_entry_slimehenge
Swamp:1:  layout_basic_swamp, evilmike_swamp_ruin_rubble_2
Swamp:2:  layout_basic_swamp, hangedman_swamp_ruin_hall, swamp_pool_1_2,
          st_swamp_ruins_1, uniq_kirke
Swamp:3:  layout_falls_marsh, evilmike_swamp_ruin_house_1, swamp_pool_1_2,
          nicolae_swamp_very_dense_foliage
Swamp:4:  swamp_old_school, layout_basic_swamp, swamp_pool_1_2
Snake:1:  layout_honeycomb, nicolae_shop_clearance
Snake:2:  layout_honeycomb
Snake:3:  layout_misc_corridors, nicolae_snake_gridmaze_squiggle, drop_trap,
          grunt_ministairs_6, uniq_donald, uniq_vashnia, uniq_aizul, uniq_louise
Snake:4:  minmay_snake_end_coiled, layout_layer_cave,
          nicolae_snake_gridmaze_entwining, minmay_snake_pond
Orc:1:    layout_diamond_mine, basic_altar
Orc:2:    hellmonk_orc_salted, layout_caves
Elf:1:    minmay_elf_arrival_circle, layout_gridlike,
          nicolae_elf_blasts_and_bolts
Elf:2:    nicolae_elf_blades_crystal_corner, layout_loops_corners, uniq_azrael
Elf:3:    minmay_elf_hall_hex, layout_loops_cross, serial_shops, shop,
          drop_trap, uniq_roxanne, uniq_boris, uniq_nikola
Vaults:1: nicolae_vaults_doubleplus_tesselated, hangedman_vaults_slither,
          nicolae_vaults_wrenched, hangedman_vaults_impose,
          vaults_dpeg_emergency_exit, vaults_dpeg_cross,
          nicolae_vaults_trapezoid_2, nicolae_vaults_cochlea,
          layout_vaults_omnigrid
Vaults:2: vaults_room_corners, nicolae_vaults_storage_room_statues,
          nicolae_vaults_apartment_2, nicolae_vaults_trapezoid_lopsided_1,
          nicolae_vaults_closet_pinwheel_6, nicolae_vaults_mini_display_case,
          nicolae_vaults_ninety_degrees, vaults_dpeg_hooks,
          hangedman_vaults_pinch, st_quartered_hall,
          nicolae_vaults_layer_cake_slice, nicolae_vaults_network_periphery,
          nicolae_vaults_tetromino_Z_2, nicolae_vaults_little_squares_3,
          vaults_room_door_ring, layout_vaults_omnicross, serial_shops,
          nicolae_shop_tiny_real_fake_doors
Vaults:3: minmay_crypt_entry_skeletal_spiral, nicolae_vaults_two_Ls,
          vaults_mumra_chevron, nicolae_vaults_offset_grid_hallway_2,
          vaults_room_fancy_cross, nicolae_vaults_shelves_hall,
          hangedman_vaults_river_flow, v_misc_3,
          nicolae_vaults_offset_grid_hallway_4, nicolae_vaults_house_1,
          nicolae_vaults_heart-shaped_vault, serial_ice_h,
          nicolae_vaults_little_squares_5, vaults_mumra_hexcomb,
          layout_vaults_maze
Vaults:4: vaults_room_door_hall, nicolae_vaults_apartment_2,
          vaults_dpeg_encased_lava, nicolae_vaults_asterisk,
          vaults_room_stairs_pillars, v_misc_28,
          nicolae_vaults_closet_pinwheel_5, v_misc_24,
          grunt_vaults_hallway_long, nicolae_vaults_more_shelving_1,
          vaults_room_fours, layout_vaults_chaotic_city, serial_shops, shop
Crypt:1:  layout_chaotic_city, grunt_megastairs_4, uniq_khufu
Crypt:2:  layout_chaotic_city, uniq_margery, uniq_josephina, uniq_grunn
Crypt:3:  quadcrypt_mu
Depths:1: layout_roguey, hellmonk_ghost_time_enough, hell_entry,
          dk_noncrumbling_3, minmay_shop_grid_forest, nrook_mini_backslash,
          lemuel_flamethrower_2
Depths:2: gammafunk_corrupted_shrine, layout_honeycomb, enter_ziggurat_a,
          rand_demon_pan_entry_7, hangedman_coc_ice_floe, uniq_saint_roka
Depths:3: regret_index_nemelex_summoning_deck_glade, layout_gridlike,
          grunt_pan_entry_zigzag, hell_entry, abyss_entry_flame_altar,
          nicolae_wu_jian_immortal_techniques, uniq_norris
Depths:4: grunt_zot_entry_hairpin, layout_cave_pools, grunt_hell_entry_dis_mu,
          serial_shops, shop, nemelex_xobeh_ov_fountains_minmay
Zot:1:    layout_gridlike, zot_minivault_8
Zot:2:    layout_cellular_growth
Zot:3:    layout_gridlike, gammafunk_ghost_arena,
          regret_index_zotdec_gossamer_gf, hangedman_elemental_grid_stream

Skill      XL: |  1  2  3  4  5  6  7  8  9 10 11 12 13 14 15 16 17 18 19 20 21 22 23 24 |
---------------+-------------------------------------------------------------------------+-----
Throwing       | 2 |  2.0
Dodging        | 3 6 12 | 12.2
Axes           | 3 4 5 6 7 8 10 11 12 13 14 16 17 18 | 18.1
Fighting       | 3 5 6 7 9 10 12 13 14 16 17 18 19 20 21 22 23 24 25 26 | 26.3
Shields        | 3 5 7 9 11 13 15 | 15.3
Hexes          | 2 6 8 10 12 13 15 | 15.0
Air Magic      | 3 7 9 10 | 10.0
Spellcasting   | 5 7 9 12 13 | 13.0
Armour         | 5 8 11 14 17 | 17.1

Action                     |  1- 3 |  4- 6 |  7- 9 | 10-12 | 13-15 | 16-18 | 19-21 | 22-24 || total
---------------------------+-------+-------+-------+-------+-------+-------+-------+-------++-------
  Melee: War axe           |    76 |   147 |   475 |    10 |       |       |       |       ||   708
         Kick              |     7 |    39 |   121 |   123 |   293 |   418 |   560 |   689 ||  2250
         Punch             |       |     4 |     5 |       |       |       |       |       ||     9
         Unarmed           |       |     2 |       |       |       |       |       |       ||     2
         Broad axe         |       |       |       |   329 |   637 |   818 |  1099 |  1300 ||  4183
         Hand axe          |       |       |       |    29 |       |       |       |       ||    29
         Trident           |       |       |       |     1 |    30 |   140 |       |       ||   171
  Throw: Throwing net      |       |       |     4 |     6 |       |     1 |       |       ||    11
   Cast: Silence           |       |       |       |       |       |     5 |    34 |    14 ||    53
  Evoke: Wand              |       |       |       |    14 |     5 |       |       |     1 ||    20
         Lightning rod     |       |       |       |     1 |     4 |       |       |       ||     5
    Use: Potion            |       |       |     3 |     2 |     2 |     8 |     2 |     7 ||    24
         Scroll            |       |       |       |    33 |    12 |     7 |     1 |     4 ||    57
   Stab: Held in net/web   |       |       |     1 |     3 |       |       |       |       ||     4
         Invisible         |       |       |     5 |       |       |     5 |       |       ||    10
         Distracted        |       |       |     1 |    12 |    30 |    43 |    49 |    63 ||   198
         Sleeping          |       |       |       |       |       |       |     3 |     2 ||     5
 Armour: Leather armour    |     6 |       |       |       |       |       |       |       ||     6
         Scale mail        |    50 |   107 |   353 |    12 |       |       |   341 |   631 ||  1494
         Skin              |       |     1 |       |       |       |       |       |       ||     1
         Plate armour      |       |       |       |   250 |    58 |       |       |       ||   308
         Chain mail        |       |       |       |       |   345 |   806 |   205 |       ||  1356
  Dodge: Dodged            |    54 |    77 |   309 |   119 |   148 |   290 |   214 |   306 ||  1517
  Block: Buckler           |       |       |    78 |    95 |   273 |   437 |   408 |    28 ||  1319
         Reflection        |       |       |       |       |    15 |    50 |    63 |    28 ||   156
         Kite shield       |       |       |       |       |       |       |       |   858 ||   858

Table legend: (Time is in decaauts)
 A = Elapsed time spent in this place.
 B = Non-inter-level travel time spent in this place.
 C = Inter-level travel time spent in this place.
 D = Time resting spent in this place.
 E = Time spent auto-exploring this place.
 F = Levels seen in this place.
 G = Mean time per level.
                   A        B        C        D        E       F      G
               +--------+--------+--------+--------+--------+-----+--------+
         Total |  64671 |  61697 |   2974 |  14134 |  34219 |  56 | 1154.8 |
       Dungeon |  18028 |  16724 |   1304 |   3895 |   9096 |  15 | 1201.9 |
          Lair |   6208 |   5840 |    368 |   1140 |   3838 |   5 | 1241.6 |
         Swamp |   4757 |   4584 |    173 |   1014 |   2708 |   4 | 1189.2 |
     Snake Pit |   8684 |   8405 |    279 |   3516 |   3832 |   4 | 2171.0 |
  Orcish Mines |   2635 |   2501 |    134 |   1181 |    938 |   2 | 1317.5 |
   Elven Halls |   3956 |   3832 |    124 |    620 |   2281 |   3 | 1318.7 |
        Vaults |   5198 |   4941 |    257 |     86 |   3969 |   4 | 1299.5 |
         Crypt |   3450 |   3325 |    125 |    220 |   2208 |   3 | 1150.0 |
        Depths |   4510 |   4336 |    174 |    417 |   3031 |   4 | 1127.5 |
           Zot |   2516 |   2483 |     33 |    524 |   1490 |   3 |  838.7 |
         Abyss |    931 |    931 |      0 |      0 |      0 |   5 |  186.2 |
         Sewer |   1144 |   1144 |      0 |    215 |    320 |   1 | 1144.0 |
        Bailey |    927 |    927 |      0 |    571 |     36 |   1 |  927.0 |
      Ice Cave |   1398 |   1398 |      0 |    583 |    457 |   1 | 1398.0 |
       Volcano |    321 |    321 |      0 |    149 |     13 |   1 |  321.0 |
               +--------+--------+--------+--------+--------+-----+--------+

Top non-repeatable levels by time:
 Snake:4: 2555 daAuts
 Snake:3: 2551 daAuts
 Snake:2: 2232 daAuts
     D:3: 2138 daAuts
   Orc:2: 1682 daAuts
 Swamp:4: 1674 daAuts
    D:14: 1559 daAuts
   Elf:3: 1542 daAuts
    D:15: 1518 daAuts
  Lair:3: 1511 daAuts
 Crypt:3: 1495 daAuts
   Zot:1: 1493 daAuts
  Lair:5: 1426 daAuts
Vaults:1: 1401 daAuts
   IceCv: 1398 daAuts
